[Event "EYCC G10-ch 2024"]
[Site "Prague"]
[Date "2024.08.23"]
[Round "2.6"]
[White "Anistoroaei, Maria"]
[Black "Rekhviashvili, Mariam"]
[Result "1-0"]
[ECO "D37"]
[WhiteElo "1627"]
[BlackElo "1542"]
[Annotator "NA"]
[PlyCount "99"]
[EventDate "2024.08.19"]
[EventType "swiss"]
[EventCountry "CZE"]
[SourceTitle "playchess.com"]
[Source "ChessBase"]
[SourceQuality "1"]
[TimeControl "5400+30"]

1. d4 d5 2. c4 e6 3. Nc3 Nf6 4. Nf3 Be7 5. Bf4 O-O 6. e3 c6 7. c5 Bd7 8. Bd3 b6 9. b4 a5 10. a3 Na6 11. Qb1 axb4 12. Bxa6 Rxa6 13. axb4 Rxa1 14. Qxa1 bxc5 15. bxc5 Qa8 16. O-O h6 17. h3 g5 18. Bh2 Kg7 19. Qb2 g4 20. hxg4 Nxg4 21. Bg3 h5 22. Ra1 Qd8 23. Ra7 Bc8 24. Qb6 Qe8 25. Rc7 Bd7 26. Qb7 Bc8 27. Qxc6 Qxc6 28. Rxc6 Bd7 29. Rc7 h4 30. Bf4 Ra8 31. Kf1 Ra1+ 32. Ke2 Ra3 33. Rxd7 Bf6 34. Nb5 Ra2+ 35. Nd2 Nxf2 36. Kxf2 Rxd2+ 37. Kf3 Rd1 38. c6 Rf1+ 39. Ke2 Rg1 40. c7 Rxg2+ 41. Kd3 h3 42. c8=Q Bg5 43. Qc7 h2 44. Rxf7+ Kg6 45. Rg7+ Kh5 46. Qf7+ Kg4 47. Bxh2 Rxh2 48. Qf4+ Kh3 49. Rxg5 Rg2 50. Rh5# 1-0

[Event "EYCC G10-ch 2024"]
[Site "Prague"]
[Date "2024.08.23"]
[Round "2.7"]
[White "Aragonda, Sahasra"]
[Black "Stricova, Viktoria Lea"]
[Result "1-0"]
[ECO "D04"]
[WhiteElo "1617"]
[BlackElo "1527"]
[Annotator "NA RC"]
[PlyCount "59"]
[EventDate "2024.08.19"]
[EventType "swiss"]
[EventCountry "CZE"]
[SourceTitle "playchess.com"]
[Source "ChessBase"]
[SourceQuality "1"]
[TimeControl "5400+30"]

1. d4 d5 2. Nf3 Nf6 3. e3 c5 4. b3 cxd4 5. exd4 Bg4 6. Nbd2 e6 7. Bb2 Bd6 8. Be2 O-O 9. O-O Nc6 10. Ne5 Bxe2 11. Qxe2 Rc8 12. a3 Qc7 13. f4 Qb6 14. Ndf3 Rc7 15. Qd3 Rfc8 16. Rac1 Ne4 17. c4 Bxe5 18. fxe5 a6 19. c5 Qa7 20. Nd2 Nxd2 21. Qxd2 Rf8 22. b4 Qa8 23. Qg5 Qd8 24. Qg3 f6 25. exf6 Rcf7 26. fxg7 Rxg7 27. Qh3 Qg5 28. Qxe6+ Rff7 29. Qe8+ Rf8 30. Qe6+ 1-0

[Event "EYCC G10-ch 2024"]
[Site "Prague"]
[Date "2024.08.23"]
[Round "2.8"]
[White "Malcheva, Niya"]
[Black "Slusarczyk, Agnieszka"]
[Result "1-0"]
[ECO "C55"]
[WhiteElo "1551"]
[BlackElo "1614"]
[Annotator "NA"]
[PlyCount "163"]
[EventDate "2024.08.19"]
[EventType "swiss"]
[EventCountry "CZE"]
[SourceTitle "playchess.com"]
[Source "ChessBase"]
[SourceQuality "1"]
[TimeControl "5400+30"]

1. e4 e5 2. Nf3 Nc6 3. Bc4 Nf6 4. d3 Be7 5. c3 O-O 6. O-O d5 7. exd5 Nxd5 8. Re1 Bg4 9. h3 Bh5 10. g4 Bg6 11. Nxe5 Nxe5 12. Rxe5 Nb6 13. Bb3 Bxd3 14. Rxe7 Qxe7 15. Qxd3 Qe1+ 16. Qf1 Qe5 17. Be3 Nd5 18. Bd4 Qd6 19. Nd2 Nf4 20. Nc4 Qh6 21. Kh2 Qg5 22. Re1 Rae8 23. Ne5 Ne6 24. Bxe6 Qf4+ 25. Kg1 Rxe6 26. Qd3 h5 27. Qe3 Qxe3 28. Rxe3 hxg4 29. hxg4 Rd8 30. Kg2 b6 31. b4 a5 32. b5 Rd5 33. a4 Kf8 34. f4 Ke8 35. Kf3 f6 36. Ng6 Kf7 37. f5 Rxe3+ 38. Kxe3 Ke8 39. Nf4 Rd7 40. Ne6 Kf7 41. Kd3 g6 42. Kc2 gxf5 43. gxf5 Ke7 44. Kd3 Kd6 45. Ke4 Ke7 46. Kf4 Kf7 47. Kg4 Re7 48. Kf3 Rd7 49. Kf4 Re7 50. Nd8+ Kg7 51. Ne6+ Kf7 52. Ke4 Rd7 53. c4 Ke7 54. c5 bxc5 55. Nxc5 Rd8 56. Nb7 Ra8 57. Kd5 Kd7 58. Nc5+ Ke7 59. Kc6 Rc8 60. Kb7 Rd8 61. Ne6 Rd7 62. Kc6 Rd6+ 63. Kxc7 Rd5 64. b6 Rd7+ 65. Kc6 Rd6+ 66. Kb5 Rd5+ 67. Ka6 Kd7 68. b7 Rd6+ 69. Ka7 Rxd4 70. Nxd4 Kd6 71. b8=Q+ Kd5 72. Qc7 Ke4 73. Nb3 Kd3 74. Qc5 Ke2 75. Qd4 Kf1 76. Qd2 Kg1 77. Kb6 Kh1 78. Kc5 Kg1 79. Kd4 Kf1 80. Ke3 Kg1 81. Kf3 Kh1 82. Qg2# 1-0

[Event "EYCC G10-ch 2024"]
[Site "Prague"]
[Date "2024.08.23"]
[Round "2.9"]
[White "Bhaumik, Mehr"]
[Black "Kocherha, Yelizavieta"]
[Result "1-0"]
[ECO "D00"]
[WhiteElo "1606"]
[BlackElo "1519"]
[Annotator "NA RC"]
[PlyCount "79"]
[EventDate "2024.08.19"]
[EventType "swiss"]
[EventCountry "CZE"]
[SourceTitle "playchess.com"]
[Source "ChessBase"]
[SourceQuality "1"]
[TimeControl "5400+30"]

1. d4 d5 2. Nc3 Nf6 3. Bf4 c5 4. e3 cxd4 5. exd4 a6 6. Nf3 Nc6 7. Ne5 Qb6 8. Nxc6 Qxb2 9. Na4 Qa3 10. Nb6 Ne4 11. Bd2 bxc6 12. Nxa8 Nc3 13. Qf3 Nb5 14. Bxb5 Qxf3 15. Bxc6+ Kd8 16. gxf3 e6 17. Ba5+ Ke7 18. Nb6 Kd6 19. Ba4 Bb7 20. Bb3 g6 21. Bb4+ Kc7 22. Bxf8 Rxf8 23. Na4 Kd6 24. Nc5 Bc8 25. c4 e5 26. cxd5 exd4 27. Ne4+ Ke5 28. d6 f5 29. Nd2 Kxd6 30. Nc4+ Kc5 31. O-O-O Bb7 32. Rd3 Rd8 33. Rhd1 Bc6 34. f4 Be4 35. R3d2 Bc6 36. Re1 Be4 37. Kb2 Rd7 38. Rc1 Kb5 39. Ba4+ Kxa4 40. Nb6+ 1-0

[Event "EYCC G10-ch 2024"]
[Site "Prague"]
[Date "2024.08.23"]
[Round "2.10"]
[White "Saltkhutsishvili, Sara"]
[Black "Horodna, Anna"]
[Result "0-1"]
[ECO "B32"]
[WhiteElo "1535"]
[BlackElo "1603"]
[Annotator "NA RC"]
[PlyCount "70"]
[EventDate "2024.08.19"]
[EventType "swiss"]
[EventCountry "CZE"]
[SourceTitle "playchess.com"]
[Source "ChessBase"]
[SourceQuality "1"]
[TimeControl "5400+30"]

1. e4 c5 2. Nf3 Nc6 3. d4 cxd4 4. Nxd4 e5 5. Nb5 d6 6. N1c3 a6 7. Na3 b5 8. Nd5 Nge7 9. Bg5 f6 10. Qh5+ g6 11. Nxf6+ Kf7 12. Qh4 h6 13. Nd5 hxg5 14. Qxh8 Qa5+ 15. c3 Bg7 16. Qh7 Be6 17. Nxe7 Nxe7 18. h4 Rh8 19. Qxh8 Bxh8 20. hxg5 Bg7 21. Nc2 d5 22. f3 d4 23. Kd2 Nc6 24. a3 Bb3 25. Nb4 dxc3+ 26. bxc3 Nxb4 27. axb4 Qd8+ 28. Ke2 Qxg5 29. Rxa6 Bh6 30. Kf2 Qe3+ 31. Kg3 Bf4+ 32. Kg4 Be6+ 33. Rxe6 Kxe6 34. Bxb5 Qf2 35. Bc4+ Kf6 0-1

[Event "EYCC G10-ch 2024"]
[Site "Prague"]
[Date "2024.08.23"]
[Round "2.11"]
[White "Paunescu, Aida"]
[Black "Tarielashvili, Kira"]
[Result "1-0"]
[ECO "A46"]
[WhiteElo "1603"]
[BlackElo "1431"]
[Annotator "NA RC"]
[PlyCount "67"]
[EventDate "2024.08.19"]
[EventType "swiss"]
[EventCountry "CZE"]
[SourceTitle "playchess.com"]
[Source "ChessBase"]
[SourceQuality "1"]
[TimeControl "5400+30"]

1. d4 Nf6 2. Nf3 e6 3. Bf4 b6 4. e3 Bb7 5. c3 Bc6 6. Bd3 d6 7. O-O Be7 8. Nbd2 Bb7 9. Re1 c5 10. e4 Nc6 11. Qe2 d5 12. e5 Nd7 13. Qe3 c4 14. Bc2 b5 15. a3 a6 16. Bg5 Bxg5 17. Nxg5 h6 18. Ngf3 O-O 19. Nf1 Ne7 20. Ng3 Ng6 21. h3 Qe7 22. Qd2 a5 23. Nh2 Kh7 24. Qe3 a4 25. Ng4 Bc6 26. Nh5 f5 27. exf6 gxf6 28. Qxh6+ Kg8 29. Qxg6+ Kh8 30. Qh6+ Kg8 31. Rxe6 Qf7 32. Rxf6 Nxf6 33. Ngxf6+ Qxf6 34. Qh7# 1-0

[Event "EYCC G10-ch 2024"]
[Site "Prague"]
[Date "2024.08.23"]
[Round "2.12"]
[White "Kiryttopoulou, Eleonora Kaisa"]
[Black "Kravchuk, Daria"]
[Result "0-1"]
[ECO "B31"]
[WhiteElo "1525"]
[BlackElo "1597"]
[Annotator "NA"]
[PlyCount "62"]
[EventDate "2024.08.19"]
[EventType "swiss"]
[EventCountry "CZE"]
[SourceTitle "playchess.com"]
[Source "ChessBase"]
[SourceQuality "1"]
[TimeControl "5400+30"]

1. e4 c5 2. Nf3 Nc6 3. Bb5 g6 4. Bxc6 bxc6 5. O-O d6 6. h3 Bg7 7. Re1 e5 8. c3 Qa5 9. Na3 Ba6 10. Nc2 Bd3 11. Re3 Bxc2 12. Qxc2 Ne7 13. Qd1 Qb6 14. a3 a5 15. Rb1 O-O 16. b4 axb4 17. cxb4 d5 18. Qc2 c4 19. exd5 cxd5 20. Nxe5 Qc7 21. Nf3 Nf5 22. Re1 Rfe8 23. Rxe8+ Rxe8 24. Bb2 d4 25. Re1 Rxe1+ 26. Nxe1 c3 27. Ba1 d3 28. Nxd3 cxd2 29. Qd1 Bxa1 30. Qxa1 Qc2 31. Qf1 d1=Q 0-1

[Event "EYCC G10-ch 2024"]
[Site "Prague"]
[Date "2024.08.23"]
[Round "2.13"]
[White "Russieva, Svitlana"]
[Black "Gorecka, Laura"]
[Result "1-0"]
[ECO "B23"]
[WhiteElo "1597"]
[BlackElo "1428"]
[Annotator "NA RC"]
[PlyCount "53"]
[EventDate "2024.08.19"]
[EventType "swiss"]
[EventCountry "CZE"]
[SourceTitle "playchess.com"]
[Source "ChessBase"]
[SourceQuality "1"]
[TimeControl "5400+30"]

1. e4 c5 2. Nc3 a6 3. g3 b5 4. Bg2 Bb7 5. Nge2 Nf6 6. O-O b4 7. Nd5 Nxd5 8. exd5 Qb6 9. c4 g6 10. Re1 Bg7 11. Nf4 Bf6 12. d3 O-O 13. d6 Bxg2 14. dxe7 Re8 15. Kxg2 Bxe7 16. Nd5 Qd8 17. Rxe7 Rxe7 18. Bg5 Nc6 19. Nxe7+ Nxe7 20. Qe2 Qb6 21. Bxe7 Re8 22. Re1 Qa5 23. Qe5 Qxa2 24. Qf6 Qa4 25. Qh8+ Kxh8 26. Bf6+ Kg8 27. Rxe8# 1-0

[Event "EYCC G10-ch 2024"]
[Site "Prague"]
[Date "2024.08.23"]
[Round "2.14"]
[White "Vadkerti, Anna"]
[Black "Perea Fruet, Alba"]
[Result "1-0"]
[ECO "B23"]
[WhiteElo "1517"]
[BlackElo "1590"]
[Annotator "NA RC"]
[PlyCount "63"]
[EventDate "2024.08.19"]
[EventType "swiss"]
[EventCountry "CZE"]
[SourceTitle "playchess.com"]
[Source "ChessBase"]
[SourceQuality "1"]
[TimeControl "5400+30"]

1. e4 c5 2. Nc3 e6 3. g3 a6 4. a4 Nc6 5. Bg2 Nf6 6. d3 Be7 7. Nge2 d5 8. exd5 exd5 9. Bg5 Nb4 10. O-O O-O 11. Bxf6 Bxf6 12. Nf4 d4 13. Ncd5 Nxd5 14. Nxd5 Be5 15. Re1 Bd6 16. a5 Bc7 17. Qd2 Rb8 18. Nxc7 Qxc7 19. Re2 Be6 20. Be4 h6 21. f4 Qd7 22. Rf1 Bf5 23. Bxf5 Qxf5 24. Re5 Qc8 25. f5 Re8 26. Qf4 Qc6 27. Rfe1 Qb5 28. f6 g5 29. Rxg5+ Kh8 30. Rg8+ Kxg8 31. Qg4+ Kf8 32. Qg7# 1-0

[Event "EYCC G10-ch 2024"]
[Site "Prague"]
[Date "2024.08.24"]
[Round "3.1"]
[White "Chen, Yuefan"]
[Black "Russieva, Svitlana"]
[Result "1-0"]
[ECO "D45"]
[WhiteElo "1682"]
[BlackElo "1597"]
[Annotator "NA RC"]
[PlyCount "41"]
[EventDate "2024.08.19"]
[EventType "swiss"]
[EventCountry "CZE"]
[SourceTitle "playchess.com"]
[Source "ChessBase"]
[SourceQuality "1"]
[TimeControl "5400+30"]

1. d4 d5 2. c4 e6 3. Nf3 c6 4. e3 Nf6 5. Nc3 Be7 6. Bd3 O-O 7. O-O Nbd7 8. e4 dxc4 9. Bxc4 Bb4 10. Qc2 b5 11. Bd3 Bb7 12. e5 Nd5 13. Nxd5 exd5 14. Bxh7+ Kh8 15. Bd3 Rc8 16. a3 Be7 17. b4 a5 18. Rb1 Nb6 19. Qe2 f6 20. Nh4 Kg8 21. Qh5 1-0

[Event "EYCC G10-ch 2024"]
[Site "Prague"]
[Date "2024.08.24"]
[Round "3.2"]
[White "Kravchuk, Daria"]
[Black "Ahmadli, Mehriban"]
[Result "0-1"]
[ECO "B90"]
[WhiteElo "1597"]
[BlackElo "1646"]
[Annotator "NA RC"]
[PlyCount "140"]
[EventDate "2024.08.19"]
[EventType "swiss"]
[EventCountry "CZE"]
[SourceTitle "playchess.com"]
[Source "ChessBase"]
[SourceQuality "1"]
[TimeControl "5400+30"]

1. e4 c5 2. Nf3 d6 3. d4 cxd4 4. Nxd4 Nf6 5. Nc3 a6 6. h3 e5 7. Nde2 b5 8. g4 b4 9. Nd5 Bb7 10. Bg2 Bxd5 11. exd5 Be7 12. a3 bxa3 13. Rxa3 h6 14. Be3 Nbd7 15. Qd3 Qc8 16. Rc3 Qb7 17. O-O O-O 18. Ng3 Rfc8 19. Nf5 Rxc3 20. Qxc3 Bf8 21. Qc6 Qb8 22. b3 Kh7 23. g5 hxg5 24. Qc4 Qb5 25. Qxb5 axb5 26. Ng3 g4 27. hxg4 Nxg4 28. Be4+ g6 29. Bd2 Ra2 30. b4 Ngf6 31. Kg2 Nb6 32. Rh1+ Kg8 33. Bg5 Bg7 34. Bxf6 Bxf6 35. Rd1 Rb2 36. c3 Nc4 37. Kg1 Rb3 38. Rc1 Bg5 39. Rc2 Na3 40. Ra2 Rxc3 41. Ne2 Rb3 42. Kh1 Rxb4 43. Bd3 Rb3 44. Bc2 Nxc2 45. Rxc2 Rb1+ 46. Kg2 b4 47. Rc8+ Kg7 48. Rc6 b3 49. Rxd6 b2 50. Rb6 Be7 51. Rb3 f5 52. Rb7 Kf6 53. Kf3 Rd1 54. Rxb2 Rxd5 55. Ng3 Kg5 56. Rb3 e4+ 57. Kg2 Bd6 58. Ne2 Rd2 59. Kf1 f4 60. Nc3 Rd4 61. Nb5 Rb4 62. Rxb4 Bxb4 63. Nd4 Kg4 64. Nc6 Bc3 65. Ke2 Kh3 66. Ne7 g5 67. Nd5 Bd4 68. Ne7 Kg2 69. Nf5 f3+ 70. Kd2 Bxf2 0-1

[Event "EYCC G10-ch 2024"]
[Site "Prague"]
[Date "2024.08.24"]
[Round "3.3"]
[White "Tykalova, Barbora"]
[Black "Anistoroaei, Maria"]
[Result "1-0"]
[ECO "B40"]
[WhiteElo "1580"]
[BlackElo "1627"]
[Annotator "NA RC"]
[PlyCount "67"]
[EventDate "2024.08.19"]
[EventType "swiss"]
[EventCountry "CZE"]
[SourceTitle "playchess.com"]
[Source "ChessBase"]
[SourceQuality "1"]
[TimeControl "5400+30"]

1. e4 c5 2. Nf3 e6 3. b3 a6 4. Bb2 Nc6 5. a4 d6 6. Be2 Nf6 7. d3 Be7 8. O-O O-O 9. e5 dxe5 10. Nxe5 Nd4 11. a5 b6 12. Nd2 Bb7 13. axb6 Qxb6 14. Ndc4 Qd8 15. Na5 Qd5 16. Nxb7 Qxe5 17. Bg4 Rab8 18. Na5 Bd6 19. f4 Nf3+ 20. Qxf3 Qxb2 21. Nc4 Qd4+ 22. Kh1 Bxf4 23. Bxe6 Bxh2 24. Bh3 Bc7 25. Rxa6 Nd5 26. Ra4 Nb4 27. Ra7 Bd8 28. Rd7 Qf6 29. Qe2 Qg6 30. Ne5 Qh6 31. Nxf7 Qh4 32. Qe6 h5 33. Ng5+ Kh8 34. Rxf8# 1-0

[Event "EYCC G10-ch 2024"]
[Site "Prague"]
[Date "2024.08.24"]
[Round "3.4"]
[White "Stoica, Melina-Theodora"]
[Black "Aragonda, Sahasra"]
[Result "1-0"]
[ECO "A45"]
[WhiteElo "1576"]
[BlackElo "1617"]
[Annotator "NA RC"]
[PlyCount "67"]
[EventDate "2024.08.19"]
[EventType "swiss"]
[EventCountry "CZE"]
[SourceTitle "playchess.com"]
[Source "ChessBase"]
[SourceQuality "1"]
[TimeControl "5400+30"]

1. d4 Nf6 2. Bf4 e6 3. Nf3 d5 4. e3 Bd6 5. Bxd6 Qxd6 6. Bd3 O-O 7. O-O c5 8. c3 c4 9. Bc2 Nc6 10. Nbd2 e5 11. dxe5 Nxe5 12. Nxe5 Qxe5 13. Nf3 Qc7 14. Qd4 Re8 15. Rfd1 Bg4 16. Kh1 Ne4 17. Rf1 Rad8 18. Bd1 Qe7 19. Nd2 Bxd1 20. Raxd1 Qh4 21. Nxe4 dxe4 22. Qxc4 Rxd1 23. Rxd1 Qxf2 24. Rf1 Qxf1+ 25. Qxf1 Rd8 26. h3 Rd2 27. Qb5 Kf8 28. Qxb7 f5 29. Qc8+ Ke7 30. Qxf5 Rxb2 31. Qxe4+ Kf6 32. Qd4+ Kg5 33. Qxg7+ Kh4 34. Qg4# 1-0

[Event "EYCC G10-ch 2024"]
[Site "Prague"]
[Date "2024.08.24"]
[Round "3.5"]
[White "Bjerregaard Hagen, Frida"]
[Black "Bhaumik, Mehr"]
[Result "0-1"]
[ECO "A48"]
[WhiteElo "1556"]
[BlackElo "1606"]
[Annotator "NA RC"]
[PlyCount "98"]
[EventDate "2024.08.19"]
[EventType "swiss"]
[EventCountry "CZE"]
[SourceTitle "playchess.com"]
[Source "ChessBase"]
[SourceQuality "1"]
[TimeControl "5400+30"]

1. d4 Nf6 2. Nf3 g6 3. e3 Bg7 4. Be2 O-O 5. O-O d5 6. c4 e6 7. Nc3 b6 8. b4 Bb7 9. a4 Qe7 10. Ba3 Re8 11. Qb3 dxc4 12. Qxc4 Nd5 13. Nxd5 Bxd5 14. Qc2 Rc8 15. Rac1 a5 16. Rb1 f5 17. Nd2 axb4 18. Bxb4 c5 19. dxc5 bxc5 20. f3 Nd7 21. Ba3 Qg5 22. e4 Qe3+ 23. Rf2 Bd4 24. Rbf1 Qxe2 25. exd5 Bxf2+ 26. Rxf2 Qe1+ 27. Rf1 Qe3+ 28. Rf2 Qxa3 29. dxe6 Nf6 30. Nc4 Qa1+ 31. Rf1 Qd4+ 32. Kh1 Re8 33. Re1 Rxe6 34. Rd1 Rae8 35. h3 Qf4 36. Nd2 Re1+ 37. Nf1 Rxd1 38. Qxd1 Qd4 39. Qb3+ c4 40. Qb1 Qd3 41. Qc1 c3 42. a5 c2 43. Kh2 Qd1 44. Qxd1 cxd1=Q 45. a6 Qxf1 46. a7 Nh5 47. a8=Q Rxa8 48. h4 Ra2 49. Kh3 Qxg2# 0-1

[Event "EYCC G10-ch 2024"]
[Site "Prague"]
[Date "2024.08.24"]
[Round "3.6"]
[White "Horodna, Anna"]
[Black "Malcheva, Niya"]
[Result "1-0"]
[ECO "B12"]
[WhiteElo "1603"]
[BlackElo "1551"]
[Annotator "NA RC"]
[PlyCount "93"]
[EventDate "2024.08.19"]
[EventType "swiss"]
[EventCountry "CZE"]
[SourceTitle "playchess.com"]
[Source "ChessBase"]
[SourceQuality "1"]
[TimeControl "5400+30"]

1. e4 c6 2. d4 d5 3. e5 Bf5 4. Nf3 e6 5. Be2 Nd7 6. O-O c5 7. c4 dxc4 8. Na3 cxd4 9. Nxc4 d3 10. Bxd3 Bxd3 11. Qxd3 Nc5 12. Qe2 Qd3 13. Qxd3 Nxd3 14. Nd4 Rc8 15. b3 a6 16. a4 Bc5 17. Ba3 Nh6 18. Bxc5 Rxc5 19. f4 Rd5 20. Nf3 f6 21. g3 Nf7 22. Rad1 Ke7 23. Nb6 Rdd8 24. Nc4 Nc5 25. exf6+ gxf6 26. Nd4 Nd6 27. Nxd6 Rxd6 28. Rfe1 Rd5 29. g4 Rhd8 30. Nf5+ Kf7 31. Rxd5 Rxd5 32. Ne3 Rd4 33. Rc1 b6 34. a5 Nxb3 35. Rc7+ Kg6 36. f5+ exf5 37. gxf5+ Kg5 38. axb6 Rb4 39. Rxh7 Rxb6 40. h4+ Kf4 41. Nd5+ Kxf5 42. Nxb6 a5 43. Rg7 Nd4 44. h5 Ne6 45. h6 Ke4 46. Re7 Kf5 47. h7 1-0

[Event "EYCC G10-ch 2024"]
[Site "Prague"]
[Date "2024.08.24"]
[Round "3.7"]
[White "Vadkerti, Anna"]
[Black "Paunescu, Aida"]
[Result "1/2-1/2"]
[ECO "B13"]
[WhiteElo "1517"]
[BlackElo "1603"]
[Annotator "NA RC"]
[PlyCount "44"]
[EventDate "2024.08.19"]
[EventType "swiss"]
[EventCountry "CZE"]
[SourceTitle "playchess.com"]
[Source "ChessBase"]
[SourceQuality "1"]
[TimeControl "5400+30"]

1. e4 c6 2. d4 d5 3. exd5 cxd5 4. Bd3 Nc6 5. c3 Nf6 6. Nf3 Bg4 7. h3 Bh5 8. Bf4 e6 9. O-O Bd6 10. Bxd6 Qxd6 11. Nbd2 O-O 12. Bb5 a6 13. Bxc6 bxc6 14. Qc2 Bg6 15. Qa4 Rfb8 16. b4 h6 17. Ne5 Rb6 18. Nxg6 fxg6 19. Rfe1 Nd7 20. Re2 Rf8 21. Rae1 Rf6 22. a3 Qf4 1/2-1/2

[Event "EYCC G10-ch 2024"]
[Site "Prague"]
[Date "2024.08.24"]
[Round "3.8"]
[White "Nguyen Doan, Bao Anh Angelina"]
[Black "Rzadkowska, Lila"]
[Result "1/2-1/2"]
[ECO "B46"]
[WhiteElo "1659"]
[BlackElo "1794"]
[Annotator "NA RC"]
[PlyCount "148"]
[EventDate "2024.08.19"]
[EventType "swiss"]
[EventCountry "CZE"]
[SourceTitle "playchess.com"]
[Source "ChessBase"]
[SourceQuality "1"]
[TimeControl "5400+30"]

1. e4 c5 2. Nf3 e6 3. d4 cxd4 4. Nxd4 Nc6 5. Nc3 a6 6. f4 Bc5 7. Nxc6 bxc6 8. Bd3 Ne7 9. Qe2 O-O 10. Be3 Bxe3 11. Qxe3 d5 12. Qf2 Ng6 13. O-O Rb8 14. Na4 e5 15. fxe5 Nxe5 16. exd5 Nxd3 17. cxd3 cxd5 18. d4 Be6 19. Rac1 Qa5 20. b3 Rbc8 21. Nc5 Qb5 22. a4 Qb6 23. Rce1 Rce8 24. h3 a5 25. Qd2 h6 26. Rb1 Rb8 27. Rbe1 Rbe8 28. Re3 Bc8 29. Rxe8 Rxe8 30. Re1 Rxe1+ 31. Qxe1 Be6 32. Qc3 Kf8 33. Qg3 Kg8 34. Qd3 Qb4 35. Kf2 Kf8 36. Ke2 Ke7 37. Qd2 Qb6 38. Qc3 Bc8 39. Qg3 Kf8 40. Qh4 Be6 41. Qe1 Kg8 42. Qc3 Bc8 43. g4 Kh8 44. Qe3 Be6 45. g5 hxg5 46. Qxg5 Kg8 47. Qe3 Kh8 48. h4 Kg8 49. Kf2 Qd6 50. Kg2 g6 51. Qh6 Bf5 52. Qg5 Kh7 53. h5 Qf8 54. hxg6+ fxg6 55. Qh4+ Kg7 56. Qf4 Be4+ 57. Kg3 Qxf4+ 58. Kxf4 Bc2 59. b4 Bxa4 60. Nxa4 axb4 61. Ke5 g5 62. Kxd5 g4 63. Ke4 Kf6 64. Nc5 Ke7 65. Kf4 Kd6 66. Kxg4 Kd5 67. Nb3 Kc4 68. Kf4 Kxb3 69. d5 Ka2 70. d6 b3 71. d7 b2 72. d8=Q b1=Q 73. Qa5+ Kb2 74. Qe5+ Ka2 1/2-1/2

[Event "EYCC G10-ch 2024"]
[Site "Prague"]
[Date "2024.08.24"]
[Round "3.9"]
[White "Wang, Yi Xuan"]
[Black "Sieczkowska, Hanna"]
[Result "1-0"]
[ECO "E20"]
[WhiteElo "1734"]
[BlackElo "1461"]
[Annotator "NA RC"]
[PlyCount "101"]
[EventDate "2024.08.19"]
[EventType "swiss"]
[EventCountry "CZE"]
[SourceTitle "playchess.com"]
[Source "ChessBase"]
[SourceQuality "1"]
[TimeControl "5400+30"]

1. d4 Nf6 2. c4 e6 3. Nc3 Bb4 4. Bd2 O-O 5. e3 c5 6. Bd3 b6 7. Nf3 Bb7 8. O-O cxd4 9. exd4 Bxc3 10. Bxc3 d5 11. c5 Nfd7 12. Bc2 Ba6 13. Re1 Nc6 14. b4 Bc4 15. a4 Qf6 16. b5 Ne7 17. c6 Nb8 18. Ne5 Rc8 19. Bb4 Nf5 20. Bxf5 Qxf5 21. Bd6 f6 22. c7 fxe5 23. cxb8=Q Raxb8 24. Bxb8 Rxb8 25. Rxe5 Qf6 26. Qg4 Re8 27. Rae1 Qf7 28. Rxe6 Rf8 29. f3 Qf4 30. Qxf4 Rxf4 31. Re8+ Kf7 32. R8e7+ Kg6 33. R1e6+ Rf6 34. Rxf6+ Kxf6 35. Rxa7 Kf5 36. Rxg7 Kf4 37. Kf2 h5 38. h4 Kf5 39. g4+ hxg4 40. fxg4+ Ke4 41. h5 Kxd4 42. h6 Kc3 43. h7 d4 44. h8=Q d3 45. Rd7+ Kc2 46. Ke3 Kb3 47. Rxd3+ Bxd3 48. Kxd3 Ka2 49. Kc2 Ka3 50. Qd4 Ka2 51. Qb2# 1-0

[Event "EYCC G10-ch 2024"]
[Site "Prague"]
[Date "2024.08.24"]
[Round "3.10"]
[White "Milojevic, Dunja"]
[Black "Bakhshi, Rana"]
[Result "0-1"]
[ECO "D35"]
[WhiteElo "1568"]
[BlackElo "1732"]
[Annotator "NA RC"]
[PlyCount "80"]
[EventDate "2024.08.19"]
[EventType "swiss"]
[EventCountry "CZE"]
[SourceTitle "playchess.com"]
[Source "ChessBase"]
[SourceQuality "1"]
[TimeControl "5400+30"]

1. d4 d5 2. c4 e6 3. Nc3 Nf6 4. cxd5 exd5 5. Bg5 c6 6. Nf3 Bd6 7. e3 O-O 8. Bd3 Re8 9. O-O Be6 10. Qc2 h6 11. Bh4 Nbd7 12. a3 a5 13. Rab1 Qb8 14. Bf5 b5 15. b4 axb4 16. axb4 Ra3 17. Bxe6 Rxe6 18. Qb2 Ra7 19. Ra1 g5 20. Bg3 Bxg3 21. hxg3 Ng4 22. Nh2 h5 23. Qe2 Ndf6 24. Qf3 Nxh2 25. Kxh2 Ng4+ 26. Kg1 Rf6 27. Qd1 Rxa1 28. Qxa1 h4 29. Qd1 Qc8 30. e4 hxg3 31. f4 Ne3 32. Qh5 Nxf1 33. Qxg5+ Rg6 34. Qe5 Ne3 35. f5 Qa8 36. Na4 Qxa4 37. Qe8+ Kg7 38. Qe5+ Kh6 39. Qf4+ Kh5 40. Qf3+ Rg4 0-1

[Event "EYCC G10-ch 2024"]
[Site "Prague"]
[Date "2024.08.24"]
[Round "3.11"]
[White "Volani, Olga"]
[Black "Hatuk, Neris"]
[Result "1/2-1/2"]
[ECO "B11"]
[WhiteElo "1570"]
[BlackElo "1671"]
[Annotator "NA RC"]
[PlyCount "107"]
[EventDate "2024.08.19"]
[EventType "swiss"]
[EventCountry "CZE"]
[SourceTitle "playchess.com"]
[Source "ChessBase"]
[SourceQuality "1"]
[TimeControl "5400+30"]

1. e4 c6 2. Nc3 d5 3. Nf3 Bg4 4. h3 Bxf3 5. Qxf3 Nf6 6. e5 Nfd7 7. d4 e6 8. Ne2 c5 9. c3 Nc6 10. Qf4 cxd4 11. cxd4 Nb4 12. Qd2 Rc8 13. Nc3 Nc6 14. Bb5 Bb4 15. Bxc6 Rxc6 16. Qe3 Qa5 17. Bd2 Nb6 18. Rb1 Nc4 19. Qd3 Nxd2 20. Kxd2 Qxa2 21. Qc2 Rc4 22. Kd3 Rc6 23. Nxa2 Rxc2 24. Kxc2 Be7 25. Kd3 O-O 26. Rbc1 f6 27. exf6 Rxf6 28. f3 Rg6 29. g4 Rf6 30. Ke3 Bd6 31. Ke2 Rf4 32. Rhd1 h5 33. Nc3 a6 34. Kf2 Rf6 35. Ne2 h4 36. Ke3 g5 37. Rf1 e5 38. dxe5 Bxe5 39. Rc2 Rd6 40. Rc8+ Kg7 41. Rc7+ Kh6 42. Rxb7 d4+ 43. Kd3 a5 44. Rb5 Bg7 45. Rxa5 Rb6 46. Rb1 Rb3+ 47. Kc4 Rxf3 48. Nxd4 Bxd4 49. Kxd4 Rxh3 50. Ra6+ Kg7 51. Rc1 Rf3 52. Rc7+ Rf7 53. Rxf7+ Kxf7 54. Ke3 1/2-1/2

[Event "EYCC G10-ch 2024"]
[Site "Prague"]
[Date "2024.08.24"]
[Round "3.12"]
[White "Isakhanyan, Nare"]
[Black "Constantin-Ciuntu, Anne-Sophie"]
[Result "0-1"]
[ECO "A59"]
[WhiteElo "1512"]
[BlackElo "1641"]
[Annotator "NA RC"]
[PlyCount "40"]
[EventDate "2024.08.19"]
[EventType "swiss"]
[EventCountry "CZE"]
[SourceTitle "playchess.com"]
[Source "ChessBase"]
[SourceQuality "1"]
[TimeControl "5400+30"]

1. d4 Nf6 2. c4 c5 3. d5 b5 4. cxb5 a6 5. bxa6 g6 6. Nc3 Bxa6 7. e4 Bxf1 8. Kxf1 d6 9. Nf3 Bg7 10. g3 O-O 11. Kg2 Qa5 12. h3 Na6 13. a4 Nd7 14. Bd2 Qb6 15. Qc2 Nb4 16. Qb3 Nd3 17. Nb5 Nxb2 18. Ra2 c4 19. Qb4 Nd3 20. Qxc4 Qxf2# 0-1